 Dungeon Crawl Stone Soup version 0.24-a0-504-gcfb02b9d07 (webtiles) character file.

Game seed: 17355805631687298083

380 KristoblXynda the Ruffian (level 6, -2/53 HPs)
             Began as a Troll Wizard on July 17, 2019.
             Slain by Grinder (4 damage)
             ... while paralysed by Grinder
             ... on level 4 of the Dungeon.
             The game lasted 00:05:57 (3294 turns).

KristoblXynda the Ruffian (Troll Wizard)            Turns: 3294, Time: 00:05:57

Health: -2/53      AC:  6    Str: 16    XL:     6   Next: 46%
Magic:  1/8        EV:  1    Int: 16    God:
Gold:   227        SH:  0    Dex:  8    Spells: 5/9 levels left

rFire    . . .     SeeInvis .     - Unarmed
rCold    . . .     Gourm    +   (no shield)
rNeg     . . .     Faith    .   a - +0 robe
rPois    .         Spirit   .   b - +0 hat
rElec    .         Reflect  .   (no cloak)
rCorr    +         Harm     .   (gloves unavailable)
MR       .....                  (boots unavailable)
Stlth    +.........             (no amulet)
HPRegen  0.57/turn              g - ring of resist corrosion
MPRegen  0.11/turn              (no ring)

@: paralysed, very slightly contaminated
A: large, unfitting armour, claws 3, fast metabolism 3, gourmand, regeneration
1, shaggy fur 1, tough skin 3
a: no special abilities


You were on level 4 of the Dungeon.
You were full.

You visited 1 branch of the dungeon, and saw 4 of its levels.

You collected 227 gold pieces.

Inventory:

Armour
 a - a +0 robe (worn)
 b - a +0 hat (worn)
Jewellery
 g - a ring of resist corrosion (left claw)
 j - an uncursed amulet of faith
 o - an uncursed ring of ice
Scrolls
 c - a scroll of random uselessness {unknown}
 h - 2 scrolls of teleportation {unknown}
 i - a scroll of blinking {unknown}
 l - 5 scrolls of remove curse
 m - 2 scrolls of enchant weapon
 p - a scroll of fear {unknown}
 q - 2 scrolls of fog {unknown}
 r - 2 scrolls of immolation {unknown}
 t - a scroll of amnesia {unknown}
Potions
 e - a potion of invisibility {unknown}
 f - 2 potions of brilliance {unknown}
 k - a potion of haste {unknown}
 n - 3 potions of curing {unknown}
 s - 2 potions of mutation {unknown}
 v - 2 potions of lignification {unknown}
Comestibles
 d - 7 rations


   Skills:
 + Level 0.0 Armour
 - Level 2.0 Dodging
 - Level 1.0 Stealth
 + Level 4.3 Unarmed Combat
 - Level 2.0 Spellcasting
 + Level 3.4 Conjurations
   Level 0.6 Summonings
   Level 0.6 Translocations


You had 5 spell levels left.
You knew the following spells:

 Your Spells              Type           Power        Failure   Level  Hunger
a - Magic Dart            Conj           ##..         4%          1    #......
b - Mephitic Cloud        Conj/Pois/Air  #.......     36%         3    ###....

Your spell library contained the following spells:

 Spells                   Type           Power        Failure   Level  Hunger
 Blink                    Tloc           N/A          24%         2    ###....
 Call Imp                 Summ           #.......     24%         2    ###....
 Slow                     Hex            #.......     30%         2    ###....
 Conjure Flame            Conj/Fire      #.......     30%         3    ###....


Dungeon Overview and Level Annotations

Branches:
Dungeon (4/15)
 Temple: D:4-7

Altars:
Fedhas
Makhleb
Sif Muna
Wu Jian
Xom
Zin
The Shining One

Annotations:
D:4 Grinder


Innate Abilities, Weirdness & Mutations

You are too large for most types of armour.
You have claws for hands.
Your metabolism is lightning-fast.
You like to eat raw meat.
Your natural rate of healing is unusually fast.
You are covered in fur. (AC +1)
You have extremely tough skin. (AC +3)


Message History

You writhe in agony.
* * * LOW HITPOINT WARNING * * *
Casting: Magic Dart (safe; 4% risk of failure)
Confirm with . or Enter, or press ? or * to list all spells.
You don't know that spell.
Unknown command.
Unknown command.
Casting: Magic Dart (safe; 4% risk of failure)
Confirm with . or Enter, or press ? or * to list all spells.
Aiming: Magic Dart (safe; 4% risk of failure)
Press: ? - help, Shift-Dir - straight line, f/p - Grinder
Aim: Grinder (almost dead)
The magic dart hits Grinder.
Grinder is almost dead.
Grinder gestures at you.
You suddenly lose the ability to move!
Grinder hits you.
* * * LOW HITPOINT WARNING * * *
You writhe in agony.
You die...

.. ###....... ...
.......... #. ...
.......... #. #.#
#####...# #. #.#
#######...# #.##.#
#..........
#....#####.#####..##
#.5........##.....##
#..@.########.##.)##
#.#...............##
# #.#########.###.##
#.#.# #.# #.## #.#.#
#.# #..# #...# #.#
##.#
#.#.#########.####.#
#./...............#.#
##...#########.##.#.#


You could see Grinder.

Vanquished Creatures
  Sigmund (D:2)
  A hound (D:4)
  An orc wizard (D:3)
  A centaur skeleton (D:4)
  4 adders
  5 worms
  2 dart slugs
  12 orcs
  A ball python (D:2)
  4 bats
  5 giant cockroaches
  7 goblins
  3 hobgoblins
  3 jackals (D:3)
  4 quokkas
  10 frilled lizards
  2 kobolds (D:2)
  11 rats
77 creatures vanquished.

Notes
Turn   | Place    | Note
-------+----------+-------------------------------------------
     0 | D:1      | KristoblXynda the Troll Wizard began the quest for the Orb.
     0 | D:1      | Reached XP level 1. HP: 16/16 MP: 2/2
    85 | D:1      | Reached skill level 1 in Conjurations
   191 | D:1      | Reached skill level 1 in Unarmed Combat
   213 | D:1      | Reached XP level 2. HP: 24/24 MP: 4/4
   930 | D:2      | Found a shimmering altar of Xom.
  1047 | D:2      | Reached XP level 3. HP: 31/31 MP: 5/5
  1122 | D:2      | Reached skill level 2 in Unarmed Combat
  1183 | D:2      | Found a blossoming altar of Fedhas.
  1185 | D:2      | Found an ornate altar of the Wu Jian Council.
  1262 | D:2      | Noticed Sigmund
  1284 | D:2      | Killed Sigmund
  1284 | D:2      | Reached skill level 3 in Unarmed Combat
  1284 | D:2      | Reached XP level 4. HP: 8/39 MP: 6/6
  1284 | D:2      | Reached XP level 5. HP: 9/45 MP: 7/7
  1454 | D:2      | Learned a level 3 spell: Mephitic Cloud
  1921 | D:2      | Found a deep blue altar of Sif Muna.
  2408 | D:3      | Reached skill level 4 in Unarmed Combat
  2408 | D:3      | Reached XP level 6. HP: 30/53 MP: 8/8
  2906 | D:4      | Found Deuwkuapso's Distillery.
  3053 | D:4      | Noticed a balrug
  3054 | D:4      | Found a burning altar of Makhleb.
  3058 | D:4      | Found a glowing silver altar of Zin.
  3058 | D:4      | Noticed an angel
  3210 | D:4      | Found a glowing golden altar of the Shining One.
  3257 | D:4      | Noticed Grinder
  3263 | D:4      | Paralysed by Grinder for 3 turns
  3293 | D:4      | Paralysed by Grinder for 5 turns
  3294 | D:4      | HP: 2/53 [Grinder (5)]
  3294 | D:4      | Slain by Grinder

Levels and vault maps discovered:
D:1:      elethiomel_arrival_infinity_welcomes_careful_drivers, layout_rooms
D:2:      layout_basic, nicolae_overflow_crystal_walls, marbit_many_paths,
          chequers_temple_overflow_statue_of_worship, grunt_ministairs_6,
          uniq_sigmund
D:3:      layout_basic
D:4:      layout_loops_ring, grunt_temple_overflow_order_and_chaos_2,
          tso_oasis_becter, first_ration, serial_shops, shop_statue,
          uniq_grinder

Skill      XL: |  1  2  3  4  5  6 |
---------------+-------------------+-----
Conjurations   | 1 2 3 |  3.4
Unarmed Combat | 1 3 4 |  4.3
Dodging        | 2 |  2.0
Stealth        | |  1.0
Spellcasting   | |  2.0
Summonings     | |  0.6
Translocations | |  0.6

Action                   |  1- 3 |  4- 6 || total
-------------------------+-------+-------++-------
Melee: Unarmed           |   130 |   142 ||   272
       Punch             |       |     1 ||     1
 Cast: Magic Dart        |       |     8 ||     8
  Use: Scroll            |     1 |     1 ||     2
  Eat: Chunk             |    17 |    16 ||    33
Armor: Robe              |    34 |    63 ||    97
Dodge: Dodged            |    47 |    72 ||   119

Table legend:
 A = Non-vault XP
 B = Vault XP
 C = Vault XP percentage of total XP
 D = Non-vault monster count
 E = Vault monster count
 F = Vault count percentage of total count
                 A         B        C        D         E       F
            +---------+---------+-------+---------+---------+-------
      Total |     316 |     228 |  41.9 |      73 |       4 |   5.2
            +---------+---------+-------+---------+---------+-------
        D:1 |      21 |       0 |   0.0 |      15 |       0 |   0.0
        D:2 |      48 |     228 |  82.6 |      22 |       4 |  15.4
        D:3 |     141 |       0 |   0.0 |      29 |       0 |   0.0
        D:4 |     106 |       0 |   0.0 |       7 |       0 |   0.0
            +---------+---------+-------+---------+---------+-------
